 Dungeon Crawl Stone Soup version 0.30-a0-1050-g2766ea1e55 (webtiles) character file.

Game seed: 16898113711849131143

63 Ic0nGaming the Cudgeller (level 4, 0/28 HPs)
             Began as a Kobold Fighter on Apr 11, 2023.
             Slain by a cerulean imp
             ... wielding a +0 spear
             ... summoned by Natasha
              (5 damage)
             ... on level 2 of the Dungeon.
             The game lasted 00:01:59 (1155 turns).

Ic0nGaming the Cudgeller (Kobold Fighter)           Turns: 1155, Time: 00:02:00

Health: 0/28       AC:  7    Str: 15    XL:     4   Next: 31%
Magic:  4/4        EV: 10    Int:  9    God:
Gold:   98         SH:  4    Dex: 14    Spells: 3/3 levels left

rFire   . . .      SeeInvis .    a - +0 flail
rCold   . . .      Faith    .    c - +0 buckler
rNeg    . . .      Spirit   .    b - +0 scale mail
rPois   .          Reflect  .    j - +0 helmet
rElec   .          Rampage  .    (no cloak)
rCorr   .                        (no gloves)
Will    .....                    (no boots)
Stlth   +                        (no amulet)
HPRegen 0.24/turn                (no ring)
MPRegen 0.09/turn                (no ring)

@: slowed, very slow
A: small, no large weapons, nightstalker 3
a: no special abilities


You were on level 2 of the Dungeon.
You visited 1 branch of the dungeon, and saw 2 of its levels.

You collected 98 gold pieces.

Inventory:

Hand Weapons
 a - a +0 flail (weapon)
Armour
 b - a +0 scale mail (worn)
 c - a +0 buckler (worn)
 j - a +0 helmet (worn)
Scrolls
 e - a scroll of immolation
 f - a scroll of enchant weapon {unknown}
 h - a scroll of silence
Potions
 d - a potion of might
 g - a potion of degeneration
 k - a potion of heal wounds {unknown}
 n - a potion of resistance {unknown}
 o - a potion of berserk rage {unknown}


   Skills:
 - Level 3.2 Fighting
 + Level 3.9 Maces & Flails
 - Level 2.4 Armour
 - Level 2.4 Shields


You had 3 spell levels left.
You didn't know any spells.
Your spell library contained the following spells:

 Spells                   Type           Power      Damage    Failure   Level
 Kiss of Death            Conj/Necr      0%         2d5       94%         1
 Confusing Touch          Hex            0%         N/A       100%        3
 Dispel Undead            Necr           0%         3d6       100%        4


Dungeon Overview and Level Annotations

Branches:
Dungeon (2/15)

Altars:

Annotations:
D:2 Natasha


Innate Abilities, Weirdness & Mutations

You are small and have problems with some larger weapons.
You are completely attuned to the shadows.


Message History

Pain shoots through your body!
A rat comes into view.
Natasha mumbles some strange words.
Jessica points at you and mumbles some strange words.
You feel yourself slow down.
The rat moves out of view.
You sock Jessica!
You kill Jessica!
The cerulean imp barely misses you.
Natasha extends her claws.
The cerulean imp misses you.
You have reached level 4!
Natasha casts a spell at you.
You feel as though you will be slow longer.
The cerulean imp hits you from afar with a +0 spear.
Natasha claws you.
The cerulean imp hits you from afar with a +0 spear.
The rat bites you but does no damage.
The cerulean imp hits you but does no damage.
Natasha mumbles some strange words.
The rat twitches its whiskers.
You hit the rat.
The rat is heavily wounded.
The rat bites you but does no damage.
The cerulean imp hits you from afar with a +0 spear.
The rat barely misses you. The cerulean imp barely misses you.
You hit the rat.
You kill the rat!
Natasha casts a spell.
The cerulean imp hits you but does no damage.
Natasha mumbles some strange words.
You feel disoriented. You block the cerulean imp's attack.
You barely miss Natasha. Natasha claws you.
The cerulean imp hits you from afar with a +2 spear.
The cerulean imp hits you but does no damage.
Natasha claws you!
* * * LOW HITPOINT WARNING * * *
The cerulean imp completely misses you.
The cerulean imp hits you from afar with a +0 spear.
You die...

.. ##.##### # #......
#.#.#...5###### #+##
#.#.#..55h@....
##.##.#.#.....#######
...##.#.###....#
.#..#..........#
###.###.####...#
#..##.# .....#
##.##.####...####
#..#......<.....
##.##.###.#.###


You could see Natasha and 3 cerulean imps.

Vanquished Creatures
  Jessica (D:2)
  An adder (D:2)
  A gnoll (D:1)
  2 ball pythons (D:1)
  A bat (D:1)
  4 endoplasms
  A giant cockroach (D:1)
  2 hobgoblins (D:1)
  A quokka (D:2)
  2 kobolds
  3 rats
19 creatures vanquished.

Notes
Turn   | Place    | Note
-------+----------+-------------------------------------------
     0 | D:1      | Ic0nGaming the Kobold Fighter began the quest for the Orb.
     0 | D:1      | Reached XP level 1. HP: 14/14 MP: 1/1
   230 | D:1      | Reached XP level 2. HP: 7/19 MP: 2/2
   431 | D:1      | Reached XP level 3. HP: 12/23 MP: 3/3
  1145 | D:2      | Noticed Jessica
  1147 | D:2      | Noticed Natasha
  1149 | D:2      | Killed Jessica
  1150 | D:2      | Reached XP level 4. HP: 24/28 MP: 4/4
  1155 | D:2      | Slain by a cerulean imp

Illustrated notes

Levels and vault maps discovered:
D:1:      dpeg_arrival_fog, layout_loops_ring, hangedman_decor_lopped
D:2:      minmay_skewed_foursquare, layout_basic, minivault_11, uniq_jessica,
          uniq_natasha

Skill      XL: |  1  2  3 |
---------------+----------+-----
Maces & Flails | 2 3 |  3.9
Fighting       | |  3.2
Armour         | |  2.4
Shields        | |  2.4

Action                     |  1- 3 |  4- 6 || total
---------------------------+-------+-------++-------
  Melee: Flail             |    71 |     3 ||    74
    Use: Scroll            |     7 |       ||     7
 Armour: Scale mail        |    32 |     5 ||    37
  Dodge: Dodged            |    33 |     3 ||    36
  Block: Buckler           |    19 |     1 ||    20

Table legend: (Time is in decaauts)
 A = Elapsed time spent in this place.
 B = Non-inter-level travel time spent in this place.
 C = Inter-level travel time spent in this place.
 D = Time resting spent in this place.
 E = Time spent auto-exploring this place.
 F = Levels seen in this place.
 G = Mean time per level.
                   A        B        C        D        E       F      G
               +--------+--------+--------+--------+--------+-----+--------+
         Total |   1183 |   1156 |     27 |    299 |    660 |   2 |  591.5 |
       Dungeon |   1183 |   1156 |     27 |    299 |    660 |   2 |  591.5 |
               +--------+--------+--------+--------+--------+-----+--------+

Top non-repeatable levels by time:
     D:1: 954 daAuts
     D:2: 229 daAuts
